 Dungeon Crawl Stone Soup version 0.22-a0-283-g1871b15 (webtiles) character file.

260 newphone the Skirmisher (level 5, -3/44 HPs)
             Began as a Demonspawn Monk on Mar 18, 2018.
             Slain by a mummy (14 damage)
             ... in an ossuary.
             The game lasted 00:08:54 (3055 turns).

newphone the Skirmisher (Demonspawn Monk)           Turns: 3055, Time: 00:08:55

Health: -3/44      AC:  5    Str: 10 (12) XL:     5   Next: 95%
Magic:  0/5        EV: 12    Int:  9 (11) God:
Gold:   177        SH:  0    Dex: 15 (16) Spells: 4/4 levels left

rFire    . . .     SeeInvis .   m - +0 arbalest
rCold    . . .     Gourm    .   (shield currently unavailable)
rNeg     . . .     Faith    .   g - +0 leather armour
rPois    .         Spirit   +   (helmet restricted)
rElec    .         Reflect  .   (no cloak)
rCorr    .         Harm     .   (no gloves)
MR       .....                  (no boots)
Stlth    ++........             (no amulet)
HPRegen  0.14/turn              (no ring)
MPRegen  0.09/turn              (no ring)

@: no status effects
A: antennae 1, iridescent scales 1, magic shield
a: no special abilities


You were in an ossuary.
You were not hungry.

You visited 1 branch of the dungeon, and saw 4 of its levels.
You also visited: Ossuary.

You collected 177 gold pieces.

Inventory:

Hand Weapons
 e - a +0 trident
 m - a +0 arbalest (weapon)
Missiles
 j - 46 bolts (quivered)
 r - 3 tomahawks
Armour
 a - a +0 helmet
 g - a +0 leather armour (worn)
 n - the +2 leather armour of Wilorgh {+Inv rC+ Str-5 Stlth+, unknown}
   (You found it on level 4 of the Dungeon)

   It affects your strength (-5).
   It protects you from cold.
   It lets you turn invisible.
   It makes you more stealthy.
Scrolls
 c - a scroll of remove curse {unknown}
 d - a scroll of teleportation {unknown}
 f - 3 scrolls of identify {unknown}
 i - a scroll of random uselessness {unknown}
 k - a scroll of fog {unknown}
 l - a scroll of blinking
 q - a scroll of fear {unknown}
Comestibles
 b - 7 rations


   Skills:
 + Level 5.2 Fighting
 - Level 2.6 Dodging
 - Level 1.7 Stealth
 - Level 4.6 Unarmed Combat


You had 4 spell levels left.
You didn't know any spells.

Dungeon Overview and Level Annotations

Branches:
Dungeon (4/15)
 Temple: D:4-7

Altars:


Innate Abilities, Weirdness & Mutations

You have a pair of small antennae on your head.
You are partially covered in iridescent scales. (AC +2)
When hurt, damage is shared between your health and your magic reserves.


Message History

The mummy hits you.
A mummy comes into view.
Firing (i - inventory. (/) - cycle)
j - 48 bolts (quivered)
Press: ? - help, Shift-Dir - straight line, f/p - mummy
Aim: a mummy (severely damaged)
You shoot a bolt. The bolt barely misses the mummy.
The bolt hits the mummy but does no damage.
The mummy hits you!
A mummy comes into view.
Firing (i - inventory. (/) - cycle)
j - 47 bolts (quivered)
Press: ? - help, Shift-Dir - straight line, f/p - mummy
Aim: a mummy (severely damaged)
You shoot a bolt. The bolt barely misses the mummy. x2
The bolt hits the mummy but does no damage.
The mummy hits you! The mummy hits you.
* * * LOW HITPOINT WARNING * * *
The mummy barely misses you.
There is a gate leading back out of this place here.
The mummy hits you!
You die... {{{ #####{ #M.@# #MMM#

#...#
##M##
(..
#+#(#
(# ##


You could see 5 mummies.

Vanquished Creatures
  A bullfrog (D:4)
  A hound (D:3)
  An orc wizard (D:3)
  An orc priest (D:3)
  A mummy (Ossuary)
  4 adders
  2 dart slugs (D:1)
  2 leopard geckos (D:3)
  6 orcs
  A ball python (D:1)
  4 bats
  3 giant cockroaches
  4 goblins
  2 hobgoblins
  4 jackals (D:4)
  4 frilled lizards
  7 kobolds
  5 rats
53 creatures vanquished.

Vanquished Creatures (others)
  2 hounds (D:4)
  An adder (D:4)
3 creatures vanquished.

Grand Total: 56 creatures vanquished

Notes
Turn   | Place    | Note
-------+----------+-------------------------------------------
     0 | D:1      | newphone the Demonspawn Monk began the quest for the Orb.
     0 | D:1      | Reached XP level 1. HP: 18/18 MP: 1/1
   290 | D:1      | Gained mutation: When hurt, damage is shared between your health and your magic reserves. [demonic ancestry]
   290 | D:1      | Reached XP level 2. HP: 24/24 MP: 2/2
  1345 | D:2      | Gained mutation: You are partially covered in iridescent scales. (AC +2) [demonic ancestry]
  1345 | D:2      | Reached XP level 3. HP: 28/29 MP: 3/3
  2139 | D:3      | Gained mutation: You have a pair of small antennae on your head. [demonic ancestry]
  2139 | D:3      | Reached XP level 4. HP: 16/35 MP: 2/4
  2677 | D:3      | Reached XP level 5. HP: 41/42 MP: 5/5
  2683 | D:3      | Reached skill level 4 in Fighting
  2803 | D:4      | Reached skill level 5 in Fighting
  3001 | D:4      | Got a translucent leather armour
  3033 | D:4      | Found a sand-covered staircase.
  3042 | Ossuary  | Entered an ossuary
  3055 | Ossuary  | Slain by a mummy

Vault maps used:
D:1:      roderic_crop_circles_arrival_small
D:3:      first_ration, hangedman_decor_growths
D:4:      minmay_temple_entry_fiery, enter_ossuary_3, xom_confusion_cloud
Ossuary:  ossuary_zaba_flooded

Skill      XL: |  1  2  3  4  5 |
---------------+----------------+-----
Unarmed Combat | 3 4 |  4.6
Fighting       | 5 |  5.2
Dodging        | |  2.6
Stealth        | |  1.7

Action                   |  1- 3 |  4- 6 || total
-------------------------+-------+-------++-------
Melee: Unarmed           |    49 |       ||    49
       Punch             |     1 |     1 ||     2
       Falchion          |    72 |    34 ||   106
       Flail             |       |    17 ||    17
       Trident           |       |    61 ||    61
 Fire: Arbalest          |       |     6 ||     6
Throw: Stone             |       |    13 ||    13
  Use: Potion            |     4 |     4 ||     8
       Scroll            |       |     1 ||     1
 Stab: Sleeping          |     1 |     1 ||     2
  Eat: Ration            |     1 |     1 ||     2
       Chunk             |     1 |       ||     1
Armor: Leather armour    |    36 |    35 ||    71
       Robe              |     2 |       ||     2
       Skin              |       |     7 ||     7
Dodge: Dodged            |   101 |   105 ||   206
       Rpst.: Falchion   |    18 |     6 ||    24

Table legend:
 A = Spawn XP
 B = Non-spawn XP
 C = Spawn XP percentage of total XP
 D = Spawn monster count
 E = Non-spawn monster count
 F = Spawn count percentage of total count
 G = Total turns spent on level
                    A         B        C        D         E        F      G
               +---------+---------+-------+---------+---------+-------+---------
         Total |       0 |     372 |   0.0 |       0 |      53 |   0.0 |  3055
               +---------+---------+-------+---------+---------+-------+---------
           D:1 |       0 |      27 |   0.0 |       0 |      14 |   0.0 |   687
           D:2 |       0 |      36 |   0.0 |       0 |       8 |   0.0 |  1232
           D:3 |       0 |     175 |   0.0 |       0 |      22 |   0.0 |   717
           D:4 |       0 |     116 |   0.0 |       0 |       8 |   0.0 |   406
       Ossuary |       0 |      18 |   0.0 |       0 |       1 |   0.0 |    13
               +---------+---------+-------+---------+---------+-------+---------
